AoeStats
← Erickinio

Arena

508360229Analyzed
3v3 RM · 10d ago on Sep 22, 2026· 27m 19s· 6 players
Game mode
Random Map
Map size
Normal (6 player)
Population
200
Speed
Normal
Resources
Standard
Victory
Conquest
Starting age
Dark Age
Ending age
Imperial Age
RankedLock teamsTeams togetherTeam positionsShared explorationLock speedFull tech treeHidden civsTurbo modeCheats
Victory
Defeat
🇺🇸 Slavs · United States
848
+12
🇺🇸 Tatars · United States
825
+13
🇺🇸 Khmer · United States
769
+15
🇦🇷 Celts · Argentina
794
-14
🇨🇴 Gurjaras · Colombia
747
-13
🇺🇸 Muisca · United States
746
-13
CaptSquigglyP_IV
Witen
12:59 Feudal Age
14:33 Double-Bit Axe
15:49 Horse Collar
27:50 Castle Age
Erickinio
10:42 Feudal Age
8:59 Loom
11:21 Double-Bit Axe
13:34 Forging
13:41 Man-at-Arms
20:11 Stone Mining
23:36 Castle Age
24:28 Long Swordsman
24:54 Gambesons
26:15 Wheelbarrow
27:04 Scale Mail Armor
26:59 Arson
27:39 Gold Mining
OGDaveyDave
10:27 Feudal Age
12:21 Wheelbarrow
11:32 Town Watch
11:32 Loom
12:07 Double-Bit Axe
12:07 Horse Collar
14:37 Fletching
18:37 Castle Age
19:55 Bodkin Arrow
Mayor Goldie Wilson
12:30 Feudal Age
17:47 Castle Age
16:07 Fletching
16:06 Double-Bit Axe
27:19 Wheelbarrow
27:41 Detinets
RealProduceBob
11:39 Loom
13:27 Feudal Age
13:54 Double-Bit Axe
13:51 Horse Collar
22:54 Castle Age
24:35 Bow Saw
24:29 Heavy Plow
25:21 Gold Mining
25:21 Stone Mining
27:24 Wheelbarrow
Connection lost

Rejoining the realm…

Still unreachable

The connection could not be restored.

Session expired

The server has moved on; the page needs a fresh start.